 Dungeon Crawl Stone Soup version 0.29-a0-317-gd16b76e6b1 (webtiles) character file.

Game seed: 12670944598459433131

6 Murumi the Skirmisher (level 2, 0/25 HPs)
             Began as a Formicid Abyssal Knight on Mar 30, 2022.
             Was a Believer of Lugonu.
             Slain by Terence
             ... wielding a +0 trident
              (5 damage)
             ... on level 2 of the Dungeon.
             The game lasted 00:01:05 (522 turns).

Murumi the Skirmisher (Formicid Abyssal Knight)      Turns: 522, Time: 00:01:05

Health: 0/25       AC:  3    Str: 17    XL:     2   Next: 0%
Magic:  2/3        EV: 11    Int:  9    God:    Lugonu [**....]
Gold:   24         SH:  0    Dex: 11    Spells: 1/1 levels left

rFire   . . .      SeeInvis +   a - +1 spear
rCold   . . .      Faith    .   (no shield)
rNeg    . . .      Spirit   .   b - +0 leather armour
rPois   .          Reflect  .   (helmet unavailable)
rElec   .          Harm     .   (no cloak)
rCorr   .          Rampage  .   (no gloves)
Will    .....                   (no boots)
Stlth   +.........              (no amulet)
HPRegen 0.08/turn               (no ring)
MPRegen 0.08/turn               (no ring)

@: no status effects
A: permanent stasis, dig shafts and tunnels, antennae 3, four strong arms
a: Dig, Shaft Self, Renounce Religion, Depart the Abyss, Bend Space


You were on level 2 of the Dungeon.
You worshipped Lugonu.
Lugonu was pleased with you.
You visited 1 branch of the dungeon, and saw 2 of its levels.
You visited the Abyss 1 time.

You collected 24 gold pieces.

Inventory:

Hand Weapons
 a - a +1 spear (weapon)
Armour
 b - a +0 leather armour (worn)
Scrolls
 c - a scroll of teleportation {unknown}
 d - a scroll of blinking {unknown}


   Skills:
 + Level 3.7 Fighting
 - Level 2.0 Polearms
 - Level 2.2 Armour
 - Level 1.0 Dodging
 - Level 2.2 Invocations


You had one spell level left.
You didn't know any spells.
Your spell library was empty.

Dungeon Overview and Level Annotations

Branches:
Dungeon (1/15)

Altars:

Annotations:
D:2 Terence


Innate Abilities, Weirdness & Mutations

You cannot be hasted, slowed, berserked, paralysed or teleported.
You can dig through walls and to a lower floor.
You have a pair of large antennae on your head. (SInv)
Your four strong arms can wield two-handed weapons with a shield.


Message History

You closely miss the hobgoblin.
The hobgoblin is heavily wounded.
The hobgoblin hits you.
You closely miss the hobgoblin.
The hobgoblin is heavily wounded.
The hobgoblin barely misses you.
You puncture the hobgoblin!
You kill the hobgoblin!
Lugonu accepts your kill.
You have reached level 2!
HP restored.
You see here a hobgoblin corpse.
You sense a monster nearby.
You sense a monster nearby.
You sense a monster nearby.
Terence the Incautious comes into view.
He is wielding a +0 trident and wearing a +3 scale mail of cold resistance.
Terence shouts!
You reach to attack!
You hit Terence.
Terence is lightly wounded.
Terence asks, "Do you want it fast or slow?"
Terence barely misses you.
You reach to attack!
You hit Terence but do no damage.
Terence is lightly wounded.
Terence barely misses you.
You reach to attack!
You barely miss Terence.
Terence is lightly wounded.
Terence hits you but does no damage.
You reach to attack!
You closely miss Terence.
Terence is lightly wounded.
Terence hits you from afar with a +0 trident!
You reach to attack!
You hit Terence but do no damage.
Terence is lightly wounded.
Terence hits you from afar with a +0 trident!
* * * LOW HITPOINT WARNING * * *
You aren't carrying any potions.
Okay, then.
Okay, then.
Space bends around you!
You blink.
Terence hits you from afar with a +0 trident.
You die...

#.#.##...#........#
#.#.##...####.###.#
..†......#....# #.#
..#.###..#.#### #.#
..#........# #§#
..#####..########.#
. ..#
#..........@###...
#.#
#.....#............
#.#
#.#.#.#...@........
..#
#.#.#.#............
....# #............
#. ## #........$...
#............
#............
############


You could see Terence.

Vanquished Creatures
  A bat (D:2)
  An endoplasm (D:1)
  A hobgoblin (D:2)
  A ball python (D:1)
  A goblin (D:1)
  A kobold (D:1)
6 creatures vanquished.

Notes
Turn   | Place    | Note
-------+----------+-------------------------------------------
     0 | Abyss:1  | Murumi the Formicid Abyssal Knight began the quest for the
                  | Orb.
     0 | Abyss:1  | Reached XP level 1. HP: 18/18 MP: 2/2
    87 | Abyss:1  | Noticed an unseen horror
    90 | D:1      | Escaped the Abyss
   265 | D:1      | Reached skill level 1 in Dodging
   317 | D:1      | You fall into a shaft and drop 1 floor!
   331 | D:2      | Reached ** piety under Lugonu
   413 | D:2      | Reached XP level 2. HP: 19/25 MP: 3/3
   513 | D:2      | Noticed Terence
   522 | D:2      | Slain by Terence

Illustrated notes

Levels and vault maps discovered:
D:1:      elethiomel_arrival_infinity_welcomes_careful_drivers, layout_basic,
          dilly_ecumenical_altar_fadedgnrine, minmay_misc_feat_diagonals,
          minmay_misc_feat_room, minmay_misc_feat_iff, minmay_stone_trees_small
D:2:      minmay_diamond_boxcup, layout_basic, basic_altar, uniq_terence

Skill      XL: |  1 |
---------------+----+-----
Dodging        | 1 |  1.0
Fighting       | |  3.7
Polearms       | |  2.0
Armour         | |  2.2
Invocations    | |  2.2

Action                   || total
-------------------------++-------
Melee: Spear             ||    26
Invok: Depart the Abyss  ||     1
       Bend Space        ||     1
Armor: Leather armour    ||     5
Dodge: Dodged            ||    12

Table legend: (Time is in decaauts)
 A = Elapsed time spent in this place.
 B = Non-inter-level travel time spent in this place.
 C = Inter-level travel time spent in this place.
 D = Time resting spent in this place.
 E = Time spent auto-exploring this place.
 F = Levels seen in this place.
 G = Mean time per level.
                   A        B        C        D        E       F      G
               +--------+--------+--------+--------+--------+-----+--------+
         Total |    521 |    521 |      0 |      0 |    456 |   3 |  173.7 |
       Dungeon |    431 |    431 |      0 |      0 |    371 |   2 |  215.5 |
         Abyss |     90 |     90 |      0 |      0 |     85 |   1 |   90.0 |
               +--------+--------+--------+--------+--------+-----+--------+

Top non-repeatable levels by time:
     D:1: 226 daAuts
     D:2: 204 daAuts
 Abyss:1: 90 daAuts
